 Dungeon Crawl Stone Soup version 0.27.0-1-g7a089689b8 (webtiles) character file.

Game seed: 13305658595691100016

26912 Hypnoxylon the Spear-Bearer (level 13, -2/98 HPs)
             Began as a Gnoll Conjurer on Aug 4, 2021.
             Was a Believer of Vehumet.
             Slain by a death yak (20 damage)
             ... on level 4 of the Lair of Beasts.
             The game lasted 01:08:41 (22574 turns).

Hypnoxylon the Spear-Bearer (Gnoll Conjurer)       Turns: 22574, Time: 01:08:42

Health: -2/98      AC: 21    Str:  7    XL:     13   Next: 29%
Magic:  13/26      EV: 15    Int: 22    God:    Vehumet [**....]
Gold:   956        SH:  0    Dex: 11    Spells: 2/31 levels left

rFire    + . .     SeeInvis .   a - +7 pair of quick blades "Gyre" and "Gimble" {protect}
rCold    + . .     Faith    .   (shield currently unavailable)
rNeg     . . .     Spirit   .   H - +2 robe {rC+ rF+}
rPois    .         Reflect  .   J - +0 helmet
rElec    .         Harm     .   p - +1 cloak
rCorr    .         Rampage  .   (no gloves)
Will     .....                  C - +1 pair of boots
Stlth    ++++......             g - amulet of the acrobat
HPRegen  0.26/turn              K - +4 ring of slaying
MPRegen  0.20/turn              x - +4 ring of protection

@: under a protective aura, studying Polearms
A: fangs 1, strong nose, distributed training
a: Renounce Religion


You were on level 4 of the Lair of Beasts.
You worshipped Vehumet.
Vehumet was pleased with you.
You visited 3 branches of the dungeon, and saw 16 of its levels.
You also visited: Sewer, Bailey and Volcano.

You collected 956 gold pieces.


Innate Abilities, Weirdness & Mutations

You have very sharp teeth.
Your uncanny sense of smell can sniff out nearby items.
Your experience applies equally to all skills.


   Skills:
 + Level 8.1 Fighting
 + Level 8.1 Short Blades
 + Level 8.1 Long Blades
 + Level 8.1 Axes
 + Level 8.1 Maces & Flails
 + Level 10.9 Polearms
 + Level 8.1 Staves
 + Level 8.1 Slings
 + Level 8.1 Bows
 + Level 8.1 Crossbows
 + Level 8.1 Throwing
 + Level 8.1 Armour
 + Level 9.4 Dodging
 + Level 9.2 Stealth
 + Level 8.1 Shields
 + Level 8.1 Unarmed Combat
 + Level 9.6 Spellcasting
 + Level 9.9 Conjurations
 + Level 6.8 Hexes
 + Level 6.8 Summonings
 + Level 6.8 Necromancy
 + Level 6.8 Translocations
 + Level 6.8 Transmutations
 + Level 6.8 Fire Magic
 + Level 6.8 Ice Magic
 + Level 6.8 Air Magic
 + Level 6.8 Earth Magic
 + Level 6.8 Poison Magic
 + Level 8.9 Invocations
 + Level 8.1 Evocations


You had 2 spell levels left.
You knew the following spells:

 Your Spells              Type           Power      Damage    Failure   Level
b - Bolt of Magma         Conj/Fire/Erth 22%        4d11      7%          5
f - Fulminant Prism       Conj/Hex       23%        3d13      1%          4
p - Petrify               Tmut/Erth      40%        N/A       3%          4
r - Searing Ray           Conj           100%       3d7       1%          2
v - Poisonous Vapours     Pois/Air       80%        N/A       1%          2
z - Magic Dart            Conj           100%       1d8       1%          1
B - Iskenderun's Mystic   Conj/Tloc      47%        2d10      1%          4
D - Dispel Undead         Necr           40%        3d16      3%          4
F - Dazzling Flash        Conj/Hex       94%        N/A       1%          3

Your spell library contained the following spells:

 Spells                   Type           Power      Damage    Failure   Level
 Static Discharge         Conj/Air       47%        N/A       1%          2
 Corona                   Hex            44%        N/A       1%          1
 Corpse Rot               Necr/Air       N/A        N/A       1%          2
 Stone Arrow              Conj/Erth      94%        3d12      1%          3
 Animate Armour           Summ/Erth      80%        N/A       3%          4
 Cause Fear               Hex            20%        N/A       3%          4
 Freezing Cloud           Conj/Ice/Air   22%        6-21      7%          5
 Metabolic Englaciation   Hex/Ice        20%        N/A       11%         5
 Death Channel            Necr           20%        N/A       52%         6
 Statue Form              Tmut/Erth      26%        N/A       52%         6
 Dragon Form              Tmut           20%        N/A       97%         7
 Borgnjor's Revivificati  Necr           20%        N/A       100%        8
 Lehudib's Crystal Spear  Conj/Erth      23%        10d7      100%        8
 Necromutation            Tmut/Necr      20%        N/A       100%        8
 Death's Door             Necr           20%        N/A       100%        9
 Dragon's Call            Summ           20%        N/A       100%        9
 Shatter                  Erth           20%        3d18*     100%        9

Inventory:

Hand Weapons
 a - the +7 pair of quick blades "Gyre" and "Gimble" (weapon) {protect}
   (You found it on level 8 of the Dungeon)

   It grants its wielder temporary protection when it strikes (+7 to AC).
 b - the +5 rapier "Cudinn" {vorpal, rN+ Stlth+}
   (You found it on level 7 of the Dungeon)

   It inflicts extra damage upon your enemies.
   rN:        It protects you from negative energy.
   Stlth:     It makes you more stealthy.
Missiles
 c - 12 poisoned darts
 d - 4 curare-tipped darts
 h - 106 sling bullets
 o - a throwing net
Armour
 p - a +1 cloak (worn)
 w - a +0 buckler
 C - a +1 pair of boots (worn)
 H - a +2 robe of resistance (worn)
 J - a +0 helmet (worn)
Jewellery
 g - an amulet of the acrobat (around neck)
 k - a +4 ring of evasion
 x - a +4 ring of protection (right hand)
 D - a ring of protection from cold
 F - a ring of positive energy
 K - a +4 ring of slaying (left hand)
Wands
 i - a wand of digging (4)
 s - a wand of flame (16)
 v - a wand of iceblast (21)
 y - a wand of acid (8)
Scrolls
 e - 8 scrolls of teleportation
 r - a scroll of brand weapon {!r}
 t - a scroll of fear
 E - 2 scrolls of noise
Potions
 f - 3 potions of lignification
 j - 3 potions of heal wounds
 l - a potion of curing
 m - 4 potions of haste
 n - 2 potions of attraction
 q - 2 potions of berserk rage {!q}
 z - 2 potions of mutation {!q}
 A - 3 potions of flight
 B - a potion of brilliance
 G - a potion of might {unknown}


Message History

The death yak gores the bush!
The death yak gores the bush!!
The bush is destroyed!
You swing at nothing.
You hit the death yak but do no damage. You barely miss the death yak.
You hit the death yak. x2
You hit the death yak but do no damage. x2; The death yak gores you!
* * * LOW HITPOINT WARNING * * *
You hit the death yak. x2
You puncture the death yak! You hit the death yak.
You hit the death yak but do no damage. You hit the death yak.
The death yak closely misses you.
You hit the death yak.
You bite the death yak, but do no damage.
You hit the death yak. You hit the death yak but do no damage.
You hit the death yak. You hit the death yak but do no damage.
You hit the death yak. You puncture the death yak! You hit the death yak.
The death yak gores you!
* * * LOW HITPOINT WARNING * * *
You hit the death yak but do no damage. You barely miss the death yak.
You completely miss the death yak. You hit the death yak.
You hit the death yak. x2
The death yak gores you but does no damage.
You hit the death yak. You barely miss the death yak.
You puncture the death yak! You hit the death yak but do no damage.
You puncture the death yak!
You kill the death yak!
Vehumet accepts your kill.
You swing at nothing.
You swing at nothing.
You swing at nothing.
You hit the death yak but do no damage. You barely miss the death yak.
You puncture the death yak! You hit the death yak but do no damage.
You hit the death yak but do no damage. You puncture the death yak!
The death yak gores you!
* * * LOW HITPOINT WARNING * * *
You hit the death yak but do no damage. You barely miss the death yak.
You hit the death yak but do no damage. You puncture the death yak!
You barely miss the death yak. You puncture the death yak!
The death yak gores you!!
You die...

. . .+. #.# #..
..# #Y# #Y# #@##
#..# #.## #.P#
####..## .[
##....#.#
...###..#...##
#.#.#.#.#.#######
..........##...#


You could see 2 death yaks.

Vanquished Creatures
  A catoblepas (Lair:3)
  A boulder beetle (D:10)
  A centaur warrior (Volcano)
  5 two-headed ogres
  4 death yaks (Lair:4)
  Urug (Lair:2)
  A hell knight (Volcano)
  2 orc knights (Bailey)
  An oklob plant (Lair:2)
  3 elephants (Lair:2)
  Joseph (D:9)
  A black mamba (Lair:3)
  2 cane toads
  A kobold demonologist (D:6)
  A rime drake (Lair:1)
  4 komodo dragons
  A troll (D:10)
  A hornet (D:8)
  9 blink frogs
  2 redbacks (Lair:3)
  A spriggan (D:8)
  5 humans (D:9)
  9 yaks
  A steam dragon (D:9)
  Edmund (D:5)
  8 water moccasins
  6 orc warriors
  A sky beast (D:6)
  6 black bears
  An ice beast (D:6)
  10 wolves
  10 centaurs
  2 necrophages (D:6)
  A phantom (D:4)
  2 ogres
  A kobold brigand (D:7)
  18 bullfrogs
  4 gnoll sergeants
  A water moccasin skeleton (D:7)
  13 killer bees
  8 wights (D:8)
  7 electric eels
  5 howler monkeys
  3 centaur zombies
  2 jellies
  A centaur skeleton (D:5)
  2 gnoll shamans
  3 orc priests
  4 iguanas
  4 orc wizards
  A killer bee zombie (D:9)
  2 howler monkey zombies
  A howler monkey skeleton (D:5)
  21 gnolls
  7 adders
  2 river rats (D:4)
  A white imp (D:6)
  An adder skeleton (D:5)
  A worm (D:4)
  3 dart slugs
  35 orcs
  10 bats
  11 endoplasms
  18 giant cockroaches
  15 goblins
  10 hobgoblins
  16 jackals
  7 quokkas
  14 ball pythons
  11 frilled lizards
  13 kobolds
  A quokka skeleton (D:4)
  6 rats
  3 bushes (Lair:2)
393 creatures vanquished.

Vanquished Creatures (collateral kills)
  A bullfrog zombie (D:6)
  A gnoll (D:6)
2 creatures vanquished.

Vanquished Creatures (others)
  A bush (Lair:4)
  29 fulminant prisms
  54 fungi
  45 plants
129 creatures vanquished.

Grand Total: 524 creatures vanquished

Notes
Turn   | Place    | Note
-------+----------+-------------------------------------------
     0 | D:1      | Hypnoxylon the Gnoll Conjurer began the quest for the Orb.
     0 | D:1      | Reached XP level 1. HP: 13/13 MP: 6/6
   209 | D:1      | Reached XP level 2. HP: 19/19 MP: 0/7
   495 | D:1      | Learned a level 2 spell: Searing Ray
   560 | D:1      | Reached XP level 3. HP: 25/25 MP: 3/9
   871 | D:1      | Reached skill level 1 in Invocations
  1073 | D:1      | Found a faded altar of an unknown god.
  1077 | D:1      | Got Plato's Incunabulum of Curses
  1431 | D:2      | Reached skill level 1 in Fighting
  1431 | D:2      | Reached skill level 1 in Short Blades
  1431 | D:2      | Reached skill level 1 in Long Blades
  1431 | D:2      | Reached skill level 1 in Axes
  1431 | D:2      | Reached skill level 1 in Maces & Flails
  1431 | D:2      | Reached skill level 1 in Polearms
  1431 | D:2      | Reached skill level 1 in Staves
  1431 | D:2      | Reached skill level 1 in Slings
  1431 | D:2      | Reached skill level 1 in Bows
  1431 | D:2      | Reached skill level 1 in Crossbows
  1431 | D:2      | Reached skill level 1 in Throwing
  1431 | D:2      | Reached skill level 1 in Armour
  1431 | D:2      | Reached skill level 1 in Shields
  1431 | D:2      | Reached skill level 1 in Unarmed Combat
  1431 | D:2      | Reached skill level 1 in Evocations
  1515 | D:2      | Reached XP level 4. HP: 32/32 MP: 6/11
  2130 | D:2      | Reached skill level 1 in Hexes
  2130 | D:2      | Reached skill level 1 in Summonings
  2130 | D:2      | Reached skill level 1 in Necromancy
  2130 | D:2      | Reached skill level 1 in Translocations
  2130 | D:2      | Reached skill level 1 in Transmutations
  2130 | D:2      | Reached skill level 1 in Fire Magic
  2130 | D:2      | Reached skill level 1 in Ice Magic
  2130 | D:2      | Reached skill level 1 in Air Magic
  2130 | D:2      | Reached skill level 1 in Earth Magic
  2130 | D:2      | Reached skill level 1 in Poison Magic
  2580 | D:3      | Found a sacrificial altar of Ru.
  2718 | D:3      | Reached XP level 5. HP: 37/37 MP: 8/12
  3641 | D:4      | Noticed a phantom
  3664 | D:4      | Killed a phantom
  3665 | D:4      | Reached XP level 6. HP: 35/44 MP: 5/13
  3772 | D:4      | Found a glowing drain.
  3868 | Sewer    | Entered a sewer
  3875 | Sewer    | Learned a level 3 spell: Dazzling Flash
  3904 | Sewer    | Reached skill level 2 in Polearms
  4576 | Sewer    | Identified a scroll of acquirement
  4576 | Sewer    | Acquired a +4 ring of protection
  4652 | D:4      | Reached XP level 7. HP: 38/50 MP: 13/15
  5196 | D:4      | Identified the +1 robe of the True Pharaoh {Int+3}
  5320 | D:4      | Identified the +3 ring mail of Divine Intervention {+Inv
                  | Fly}
  5459 | D:4      | Reached skill level 3 in Invocations
  5667 | D:4      | Learned a level 4 spell: Fulminant Prism
  5672 | D:4      | Learned a level 4 spell: Iskenderun's Mystic Blast
  5714 | D:4      | Learned a level 3 spell: Stone Arrow
  5736 | D:4      | Found a staircase to the Ecumenical Temple.
  5745 | Temple   | Entered the Ecumenical Temple
  5889 | D:5      | Entered Level 5 of the Dungeon
  6079 | D:5      | Found Gozag's Platinum Reserve.
  6079 | D:5      | Found an opulent altar of Gozag.
  6081 | D:5      | Noticed Edmund
  6249 | D:5      | Reached XP level 8. HP: 57/57 MP: 10/16
  6388 | D:5      | Noticed a yak
  6393 | D:5      | Killed a yak
  6394 | D:5      | Reached skill level 3 in Fighting
  6394 | D:5      | Reached skill level 3 in Short Blades
  6394 | D:5      | Reached skill level 3 in Long Blades
  6394 | D:5      | Reached skill level 3 in Axes
  6394 | D:5      | Reached skill level 3 in Maces & Flails
  6394 | D:5      | Reached skill level 3 in Polearms
  6394 | D:5      | Reached skill level 3 in Staves
  6394 | D:5      | Reached skill level 3 in Slings
  6394 | D:5      | Reached skill level 3 in Bows
  6394 | D:5      | Reached skill level 3 in Crossbows
  6394 | D:5      | Reached skill level 3 in Throwing
  6394 | D:5      | Reached skill level 3 in Armour
  6394 | D:5      | Reached skill level 3 in Shields
  6394 | D:5      | Reached skill level 3 in Unarmed Combat
  6394 | D:5      | Reached skill level 3 in Evocations
  6396 | D:5      | Reached skill level 6 in Spellcasting
  7460 | D:6      | Reached skill level 4 in Polearms
  7460 | D:6      | Reached skill level 6 in Dodging
  7460 | D:6      | Reached skill level 3 in Hexes
  7460 | D:6      | Reached skill level 3 in Summonings
  7460 | D:6      | Reached skill level 3 in Necromancy
  7460 | D:6      | Reached skill level 3 in Translocations
  7460 | D:6      | Reached skill level 3 in Transmutations
  7460 | D:6      | Reached skill level 3 in Fire Magic
  7460 | D:6      | Reached skill level 3 in Ice Magic
  7460 | D:6      | Reached skill level 3 in Air Magic
  7460 | D:6      | Reached skill level 3 in Earth Magic
  7460 | D:6      | Reached skill level 3 in Poison Magic
  7460 | D:6      | Reached XP level 9. HP: 49/65 MP: 1/18
  8006 | D:6      | Noticed a kobold demonologist
  8018 | D:6      | Killed a kobold demonologist
  8019 | D:6      | Reached skill level 5 in Polearms
  8019 | D:6      | Reached skill level 6 in Stealth
  9065 | D:7      | Identified the +5 rapier "Cudinn" {vorpal, rN+ Stlth+}
  9454 | D:7      | Learned a level 4 spell: Dispel Undead
 10340 | D:9      | Reached skill level 6 in Polearms
 10340 | D:9      | Reached XP level 10. HP: 73/73 MP: 15/20
 11443 | D:9      | Reached skill level 7 in Polearms
 11470 | D:9      | Reached skill level 6 in Invocations
 11552 | D:9      | Noticed Joseph
 11581 | D:9      | Killed Joseph
 11643 | D:9      | Noticed a two-headed ogre
 11661 | D:9      | Killed a two-headed ogre
 11981 | D:9      | Noticed a two-headed ogre
 11997 | D:9      | Killed a two-headed ogre
 11998 | D:9      | Reached XP level 11. HP: 81/81 MP: 5/22
 12627 | D:10     | Entered Level 10 of the Dungeon
 12643 | D:10     | Reached skill level 6 in Fighting
 12643 | D:10     | Reached skill level 6 in Short Blades
 12643 | D:10     | Reached skill level 6 in Long Blades
 12643 | D:10     | Reached skill level 6 in Axes
 12643 | D:10     | Reached skill level 6 in Maces & Flails
 12643 | D:10     | Reached skill level 6 in Staves
 12643 | D:10     | Reached skill level 6 in Slings
 12643 | D:10     | Reached skill level 6 in Bows
 12643 | D:10     | Reached skill level 6 in Crossbows
 12643 | D:10     | Reached skill level 6 in Throwing
 12643 | D:10     | Reached skill level 6 in Armour
 12643 | D:10     | Reached skill level 6 in Shields
 12643 | D:10     | Reached skill level 6 in Unarmed Combat
 12643 | D:10     | Reached skill level 6 in Evocations
 12647 | D:10     | Identified the +5 rapier of Hefuoz {vorpal, Drain rN+
                  | Dex+6}
 12973 | D:10     | Noticed DocClef's ghost (journeyman GnDe)
 12974 | D:10     | Found a transporter.
 13009 | D:10     | Found a flagged portal.
 13050 | D:10     | Learned a level 5 spell: Bolt of Magma
 13051 | Bailey   | Entered a bailey
 13513 | Bailey   | Noticed an orc knight
 13742 | Bailey   | Noticed an orc knight
 14021 | Bailey   | Killed an orc knight
 14022 | Bailey   | Reached skill level 8 in Polearms
 14077 | Bailey   | Killed an orc knight
 14299 | Bailey   | Identified the -5 pair of gloves of Ferocious Miracles {rF+
                  | Int+6}
 14566 | D:5      | Killed Edmund
 14822 | D:8      | Noticed a two-headed ogre
 14830 | D:8      | Noticed a two-headed ogre
 14830 | D:8      | Noticed a two-headed ogre
 14838 | D:8      | Killed a two-headed ogre
 14841 | D:8      | Killed a two-headed ogre
 14842 | D:8      | Reached skill level 9 in Conjurations
 14962 | D:8      | Found the +7 pair of quick blades "Gyre" and "Gimble"
                  | {protect}
 15168 | D:8      | Found a radiant altar of Vehumet.
 15196 | D:8      | Became a worshipper of Vehumet
 15214 | D:8      | Killed a two-headed ogre
 15558 | D:8      | Reached skill level 9 in Polearms
 15858 | D:8      | Found a staircase to the Lair.
 16274 | D:10     | Identified the +8 chain mail of Calculation {Will++ Str+5
                  | Slay-6}
 16389 | D:10     | Noticed a two-headed ogre
 16390 | D:10     | Identified the +9 great mace of the Fox {vorpal, Str+4
                  | Dex+2}
 16390 | D:10     | Noticed a two-headed ogre
 16394 | D:10     | Found a transporter.
 16831 | D:10     | Found a bloodstained altar of Trog.
 16834 | D:10     | Found a stormy altar of Qazlal.
 16837 | D:10     | Found a hazy altar of Hepliaklqana.
 16840 | D:10     | Found a broken altar of Ashenzari.
 17089 | D:11     | Reached * piety under Vehumet
 17089 | D:11     | Offered knowledge of Foxfire by Vehumet.
 17165 | D:11     | Noticed a boulder beetle
 17248 | D:10     | Killed a boulder beetle
 17249 | D:10     | Reached XP level 12. HP: 61/89 MP: 2/24
 17537 | Lair:1   | Entered Level 1 of the Lair of Beasts
 17549 | Lair:1   | Learned a level 4 spell: Petrify
 18721 | Lair:2   | Noticed Urug
 18816 | Lair:2   | Reached skill level 6 in Hexes
 18816 | Lair:2   | Reached skill level 6 in Summonings
 18816 | Lair:2   | Reached skill level 6 in Necromancy
 18816 | Lair:2   | Reached skill level 6 in Translocations
 18816 | Lair:2   | Reached skill level 6 in Transmutations
 18816 | Lair:2   | Reached skill level 6 in Fire Magic
 18816 | Lair:2   | Reached skill level 6 in Ice Magic
 18816 | Lair:2   | Reached skill level 6 in Air Magic
 18816 | Lair:2   | Reached skill level 6 in Earth Magic
 18816 | Lair:2   | Reached skill level 6 in Poison Magic
 18928 | Lair:2   | Killed Urug
 18941 | Lair:2   | Reached skill level 9 in Spellcasting
 18969 | Lair:2   | HP: 17/91 [electric eel/bolt of electricity (9)]
 18969 | Lair:2   | HP: 2/91 [electric eel/bolt of electricity (15)]
 19254 | Lair:2   | Found a dark tunnel.
 19261 | Volcano  | Entered a volcano
 19312 | Volcano  | Noticed a centaur warrior
 19321 | Volcano  | Killed a centaur warrior
 19322 | Volcano  | Reached skill level 10 in Polearms
 19475 | Volcano  | Noticed a hell knight
 19495 | Volcano  | Killed a hell knight
 19711 | Lair:2   | Offered knowledge of Static Discharge by Vehumet.
 19733 | Lair:2   | Reached skill level 9 in Dodging
 19767 | Lair:2   | Reached ** piety under Vehumet
 21071 | Lair:3   | Found a staircase to the Shoals.
 21445 | Lair:3   | Noticed a catoblepas
 21466 | Lair:3   | Reached skill level 9 in Stealth
 21466 | Lair:3   | Reached XP level 13. HP: 98/98 MP: 21/26
 21631 | Lair:2   | Learned a level 2 spell: Poisonous Vapours
 22067 | Lair:3   | Found a hole to the Spider Nest.
 22571 | Lair:4   | HP: 17/98 [death yak (13)]
 22574 | Lair:4   | Slain by a death yak

Levels and vault maps discovered:
D:1:      nzn_arrival_crosshair, layout_basic,
          shapermc_ecumenical_altar_rom_forum, minmay_tromino_i4
D:2:      layout_loops_cross
D:3:      layout_loops_corners, mainiacjoe_overflow_brackets,
          kennysheep_generic_room_15
D:4:      layout_cave_pools, minmay_temple_entry_enclosed_plants,
          portal_sewer_entry_a, hex_tiny, minmay_crossroads
D:5:      layout_rooms, nicolae_gozag_zags_fifth_avenue, serial_curves,
          eino_curves_02, eino_curves_03, minmay_manual_monstrance, uniq_edmund
D:6:      layout_cave_pods
D:7:      layout_layer_cave
D:8:      layout_basic, lemuel_round_altar, due_lair_maze_entry_diamond,
          hellmonk_guarded_unrand_gyre_and_gimble
D:9:      minmay_angry_zag, layout_basic, minmay_ruffians, uniq_joseph
D:10:     layout_basic, grunt_temple_overflow_cloverleaf, gammafunk_ghost_smash,
          enter_bailey_3, chequers_big_river
D:11:     layout_roguey, nicolae_trove_entry_isolated, serial_shops,
          kennysheep_mini_moat
Temple:   eino_wide_crystal_templ
Lair:1:   layout_chaotic_city
Lair:2:   layout_small_grid, nicolae_volcano_entry_lava_flow,
          minmay_lair_oklob_bushes, infiniplex_staircase_pool, uniq_urug
Lair:3:   layout_cave_pods, elwin_shoals_entry_rocks, spider_nest_entry_webs,
          cheibrodos_lair_reptile_den, serial_bayou_shore_a, grunt_megastairs_1
Lair:4:   layout_roguey, st_stairs_12, disabler_island, uniq_kirke

Action                   |  1- 3 |  4- 6 |  7- 9 | 10-12 | 13-15 || total
-------------------------+-------+-------+-------+-------+-------++-------
Melee: Unarmed           |     4 |       |       |       |       ||     4
       Club              |     3 |       |       |       |       ||     3
       Dagger            |     1 |    42 |    43 |       |       ||    86
       Bite              |       |     1 |     1 |    16 |     3 ||    21
       Rapier            |       |       |     4 |   203 |    13 ||   220
       Pair of quick bla |       |       |       |    25 |    41 ||    66
Throw: Dart              |       |       |       |    14 |       ||    14
 Cast: Magic Dart        |    69 |   125 |   144 |   327 |    10 ||   675
       Searing Ray       |       |     9 |    33 |    79 |     9 ||   130
       Dazzling Flash    |       |       |     3 |     2 |       ||     5
       Stone Arrow       |       |       |    22 |       |       ||    22
       Fulminant Prism   |       |       |       |    29 |       ||    29
       Iskenderun's Myst |       |       |       |     3 |       ||     3
       Bolt of Magma     |       |       |       |     4 |     6 ||    10
Evoke: Wand              |       |       |     2 |    13 |       ||    15
  Use: Scroll            |       |    10 |     9 |     9 |     2 ||    30
       Potion            |       |       |       |     6 |     1 ||     7
 Stab: Sleeping          |     1 |     5 |       |     1 |       ||     7
       Paralysed         |       |       |       |     5 |       ||     5
       Petrified         |       |       |       |       |     1 ||     1
Armor: Robe              |     3 |     7 |    29 |    71 |     9 ||   119
       Ring mail         |       |       |     4 |       |       ||     4
Dodge: Dodged            |     9 |    41 |   100 |   328 |    28 ||   506
Block: Buckler           |       |       |     4 |   122 |     7 ||   133
